3L
MONTANA PANDAS @ OAKLAND OAKS
09/24/2029
 
TOP OF THE 1ST
Montana Pandas batting - Pitching for Oakland Oaks : RHP Mal Houser
Pitching: RHP Mal Houser
Batting: LHB Roberto Fierro 0-0: Ball
1-0: Called Strike
1-1: Ball
2-1: Ball
3-1: Swinging Strike
3-2: DOUBLE (Line Drive, 9LD)
Batting: RHB Phil Sherman 0-0: Ball
1-0: Called Strike
1-1: SINGLE (Groundball, 56D)
Roberto Fierro to third
Batting: LHB José León 0-0: Foul Ball, location: 2F
0-1: Ball
1-1: Fly out, F6 (Line Drive, 6)
Batting: LHB José Ruíz Pickoff Throw to First - Out!
0-0: Ball
1-0: Ball
2-0: DOUBLE (Line Drive, 9D)
Roberto Fierro scores
Batting: LHB Ned Durand 0-0: Foul Ball, location: 2F
0-1: Swinging Strike
0-2: Ball
1-2: Ball
2-2: Strikes out swinging
Top of the 1st over - 1 run, 3 hits, 0 errors, 1 left on base; Montana 1 - Oakland 0
BOTTOM OF THE 1ST
Oakland Oaks batting - Pitching for Montana Pandas : LHP Manuel Rojas
Pitching: LHP Manuel Rojas
Batting: RHB Yehonatan Chazan 0-0: Swinging Strike
0-1: Ball
1-1: Ball
2-1: Fly out, F8 (Flyball, 8RXD)
Batting: RHB Ricardo Téllez 0-0: Fly out, F7 (Flyball, 78M)
Batting: RHB Mike Wazowski 0-0: Ball
1-0: Ground out 6-3 (Groundball, 56)
Bottom of the 1st over - 0 runs, 0 hits, 0 errors, 0 left on base; Montana 1 - Oakland 0
TOP OF THE 2ND
Montana Pandas batting - Pitching for Oakland Oaks : RHP Mal Houser
Batting: LHB Enrique Ortega 0-0: Swinging Strike
0-1: Ground out U3 (Groundball, 3)
Batting: RHB Willis Kirkendall 0-0: Ball
1-0: Called Strike
1-1: Foul Ball, location: 2F
1-2: Strikes out swinging
Batting: RHB Pau Arria 0-0: Swinging Strike
0-1: Ball
1-1: Ball
2-1: Ball
3-1: Ground out 4-3 (Groundball, 4M)
Top of the 2nd over - 0 runs, 0 hits, 0 errors, 0 left on base; Montana 1 - Oakland 0
BOTTOM OF THE 2ND
Oakland Oaks batting - Pitching for Montana Pandas : LHP Manuel Rojas
Batting: RHB Joseph Papasogli 0-0: Foul Ball, location: 2F
0-1: Fly out, F7 (Flyball, 78M)
Batting: LHB Todd Henry 0-0: Called Strike
0-1: Ball
1-1: Fly out, F6 (Line Drive, 6M)
Batting: RHB Alfonso Nazario 0-0: Ball
1-0: Ball
2-0: Ball
3-0: Called Strike
3-1: Called Strike
3-2: Base on Balls
Batting: RHB Joe Phillips 0-0: Ball
1-0: Foul Ball, location: 2F
1-1: Foul Ball, location: 2F
1-2: Ball
2-2: 2-RUN HOME RUN (Flyball, 7LD), Distance : 381 ft
Batting: SHB Luis Luquín 0-0: Foul Ball, location: 2F
0-1: Ball
1-1: Ground out U3 (Groundball, 34)
Bottom of the 2nd over - 2 runs, 1 hit, 0 errors, 0 left on base; Montana 1 - Oakland 2
TOP OF THE 3RD
Montana Pandas batting - Pitching for Oakland Oaks : RHP Mal Houser
Batting: SHB Raúl Duarte 0-0: Called Strike
0-1: Ball
1-1: Ball
2-1: SINGLE (Groundball, 34D)
Batting: LHB Roberto Fierro 0-0: Ball
1-0: Ball
2-0: Swinging Strike
2-1: Foul Ball, location: 2F
2-2: Ball
Pickoff Throw to First - Error! E1
Raúl Duarte to second
3-2: Strikes out looking
Batting: RHB Phil Sherman 0-0: Ball
1-0: Swinging Strike
1-1: Ball
2-1: SINGLE (Groundball, 6MD)
Raúl Duarte to third
Batting: LHB José León 0-0: Ball
1-0: Ball
2-0: Swinging Strike
2-1: Swinging Strike
2-2: Fly out, F6 (Line Drive, 6)
Batting: LHB José Ruíz 0-0: Swinging Strike
0-1: Fly out, F1 (Line Drive, 15)
Top of the 3rd over - 0 runs, 2 hits, 1 error, 2 left on base; Montana 1 - Oakland 2
BOTTOM OF THE 3RD
Oakland Oaks batting - Pitching for Montana Pandas : LHP Manuel Rojas
Batting: LHB David Holbrook 0-0: Ball
1-0: Ground out 4-3 (Groundball, 4M)
Batting: RHB Yehonatan Chazan 0-0: Foul Ball, location: 2F
0-1: Ball
1-1: Ball
2-1: Ball
3-1: Called Strike
3-2: Fly out, F4 (Popup, 4M)
Batting: RHB Ricardo Téllez 0-0: Ball
1-0: Swinging Strike
1-1: Ground out 6-3 (Groundball, 6S)
Bottom of the 3rd over - 0 runs, 0 hits, 0 errors, 0 left on base; Montana 1 - Oakland 2
TOP OF THE 4TH
Montana Pandas batting - Pitching for Oakland Oaks : RHP Mal Houser
Batting: LHB Ned Durand 0-0: Ball
1-0: Ball
2-0: Ball
3-0: Foul Ball, location: 2F
3-1: Foul Ball, location: 2F
3-2: Strikes out swinging
Batting: LHB Enrique Ortega 0-0: Ball
1-0: SOLO HOME RUN (Flyball, 9LD), Distance : 346 ft
Batting: RHB Willis Kirkendall 0-0: Ball
1-0: Foul Ball, location: 2F
1-1: Swinging Strike
1-2: Ground out 6-3 (Groundball, 56)
Batting: RHB Pau Arria 0-0: Called Strike
0-1: Fly out, F2 (Popup, 3SF)
Top of the 4th over - 1 run, 1 hit, 0 errors, 0 left on base; Montana 2 - Oakland 2
BOTTOM OF THE 4TH
Oakland Oaks batting - Pitching for Montana Pandas : LHP Manuel Rojas
Batting: RHB Mike Wazowski 0-0: Ball
1-0: Ball
2-0: Ball
3-0: Called Strike
3-1: Fly out, F7 (Flyball, 7S)
Batting: RHB Joseph Papasogli 0-0: Called Strike
0-1: Ball
1-1: Foul Ball, location: 2F
1-2: Ground out 1-3 (Groundball, 15S)
Batting: LHB Todd Henry 0-0: Called Strike
0-1: Swinging Strike
0-2: Foul Ball, location: 2F
0-2: Ball
1-2: Foul Ball, location: 2F
1-2: Ball
2-2: Ground out U3 (Groundball, 3L)
Bottom of the 4th over - 0 runs, 0 hits, 0 errors, 0 left on base; Montana 2 - Oakland 2
TOP OF THE 5TH
Montana Pandas batting - Pitching for Oakland Oaks : RHP Mal Houser
Batting: SHB Raúl Duarte 0-0: Called Strike
0-1: Foul Ball, location: 2F
0-2: Strikes out swinging
Batting: LHB Roberto Fierro 0-0: Fly out, F7 (Line Drive, 78D)
Batting: RHB Phil Sherman 0-0: Ball
1-0: Called Strike
1-1: Ball
2-1: Foul Ball, location: 2F
2-2: Strikes out swinging
Top of the 5th over - 0 runs, 0 hits, 0 errors, 0 left on base; Montana 2 - Oakland 2
BOTTOM OF THE 5TH
Oakland Oaks batting - Pitching for Montana Pandas : LHP Manuel Rojas
Batting: RHB Alfonso Nazario 0-0: Ball
1-0: Foul Ball, location: 2F
1-1: Ball
2-1: Ball
3-1: Fly out, F7 (Flyball, 7S)
Batting: RHB Joe Phillips 0-0: Ball
1-0: Ball
2-0: Called Strike
2-1: Ball
3-1: Called Strike
3-2: Ground out 4-3 (Groundball, 4S)
Batting: SHB Luis Luquín 0-0: Called Strike
0-1: Ball
1-1: Ball
2-1: Fly out, F7 (Flyball, 78D)
Bottom of the 5th over - 0 runs, 0 hits, 0 errors, 0 left on base; Montana 2 - Oakland 2
TOP OF THE 6TH
Montana Pandas batting - Pitching for Oakland Oaks : RHP Mal Houser
Batting: LHB José León 0-0: Foul Ball, location: 2F
0-1: Ball
1-1: Ball
2-1: Ball
3-1: Base on Balls
Batting: LHB José Ruíz 0-0: Ball
1-0: Foul Ball, location: 2F
1-1: DOUBLE (Line Drive, 8RD)
José León to third
Runner from 3rd tries for Home, SAFE, no throw
Batting: LHB Ned Durand 0-0: Swinging Strike
0-1: Swinging Strike
0-2: Ball
1-2: Ball
2-2: Foul Ball, location: 2F
2-2: Foul Ball, location: 2F
2-2: Strikes out looking
Batting: LHB Enrique Ortega 0-0: Ball
1-0: Foul Ball, location: 2F
1-1: SINGLE (Groundball, 25) (infield hit)
José Ruíz to third
Batting: RHB Willis Kirkendall 0-0: Swinging Strike
0-1: Ball
1-1: Called Strike
1-2: Ball
2-2: Strikes out swinging
Pitching: RHP Gil Brown
Batting: RHB Pau Arria 0-0: Ball
1-0: SINGLE (Groundball, 6D)
José Ruíz scores
Enrique Ortega to second
Batting: SHB Raúl Duarte 0-0: Ball
1-0: Ball
2-0: Ball
3-0: Base on Balls
Enrique Ortega to third
Pau Arria to second
Batting: LHB Roberto Fierro 0-0: Ball
1-0: Ball
2-0: Called Strike
2-1: Ground out U3 (Groundball, 34S)
Top of the 6th over - 2 runs, 3 hits, 0 errors, 3 left on base; Montana 4 - Oakland 2
BOTTOM OF THE 6TH
Oakland Oaks batting - Pitching for Montana Pandas : LHP Manuel Rojas
Batting: LHB David Holbrook 0-0: Ball
1-0: Called Strike
1-1: Fly out, F9 (Flyball, 9)
Batting: RHB Yehonatan Chazan 0-0: Called Strike
0-1: SINGLE (Groundball, 34D)
Batting: RHB Ricardo Téllez 0-0: Fly out, F8 (Flyball, 8RM)
Batting: RHB Mike Wazowski 0-0: Ball
Throwing error on steal attempt, E2
Yehonatan Chazan to third
1-0: Ball
2-0: Called Strike
2-1: Foul Ball, location: 2F
2-2: Ball
3-2: Foul Ball, location: 2F
3-2: Ground out 6-3 (Groundball, 6D)
Bottom of the 6th over - 0 runs, 1 hit, 1 error, 1 left on base; Montana 4 - Oakland 2
TOP OF THE 7TH
Montana Pandas batting - Pitching for Oakland Oaks : RHP Gil Brown
Batting: RHB Phil Sherman 0-0: Called Strike
0-1: SINGLE (Groundball, 6MD)
Batting: LHB José León 0-0: Swinging Strike
0-1: Ball
1-1: Ball
2-1: Called Strike
2-2: Foul Ball, location: 2F
2-2: 2-RUN HOME RUN (Flyball, 9D), Distance : 381 ft
Pitching: RHP Rich Wright
Batting: LHB José Ruíz 0-0: Foul Ball, location: 2F
0-1: Foul Ball, location: 2F
0-2: Foul Ball, location: 2F
0-2: Ball
1-2: SINGLE (Groundball, 34D)
Batting: LHB Ned Durand 0-0: Ball
José Ruíz is caught stealing 2nd base
1-0: Called Strike
1-1: Called Strike
1-2: Ball
2-2: Foul Ball, location: 2F
2-2: DOUBLE (Flyball, 89D) - OUT at third base trying to stretch hit.
Batting: LHB Enrique Ortega 0-0: Called Strike
0-1: Ball
1-1: Foul Ball, location: 2F
1-2: Ball
2-2: Ball
3-2: Ground out 1-3 (Groundball, P)
Top of the 7th over - 2 runs, 4 hits, 0 errors, 0 left on base; Montana 6 - Oakland 2
BOTTOM OF THE 7TH
Oakland Oaks batting - Pitching for Montana Pandas : LHP Manuel Rojas
Batting: RHB Joseph Papasogli 0-0: Ground out 6-3 (Groundball, 6)
Batting: LHB Todd Henry 0-0: Ground out 6-3 (Groundball, 6MS)
Batting: RHB Alfonso Nazario 0-0: Foul Ball, location: 2F
0-1: Ball
1-1: Called Strike
1-2: Ball
2-2: Ball
3-2: Foul Ball, location: 2F
3-2: Base on Balls
Pitching: RHP Noburo Oishi
Batting: RHB Joe Phillips 0-0: Called Strike
Alfonso Nazario steals 2nd base
0-1: Swinging Strike
0-2: Strikes out looking
Bottom of the 7th over - 0 runs, 0 hits, 0 errors, 1 left on base; Montana 6 - Oakland 2
TOP OF THE 8TH
Montana Pandas batting - Pitching for Oakland Oaks : RHP Rich Wright
Batting: RHB Willis Kirkendall 0-0: Ball
1-0: Ball
2-0: Ground out 6-3 (Groundball, 6)
Batting: RHB Pau Arria 0-0: Fly out, F5 (Popup, 56S)
Batting: SHB Raúl Duarte 0-0: Ball
1-0: Ball
2-0: Foul Ball, location: 2F
2-1: Fly out, F7 (Line Drive, 7S)
Top of the 8th over - 0 runs, 0 hits, 0 errors, 0 left on base; Montana 6 - Oakland 2
BOTTOM OF THE 8TH
Oakland Oaks batting - Pitching for Montana Pandas : RHP Noburo Oishi
Batting: SHB Luis Luquín 0-0: Ball
1-0: Called Strike
1-1: Called Strike
1-2: Ground out 4-3 (Groundball, 4)
Batting: LHB David Holbrook 0-0: Ball
1-0: Foul Ball, location: 2F
1-1: SINGLE (Flyball, 89S)
Batting: RHB Yehonatan Chazan 0-0: Ball
1-0: Ball
2-0: Called Strike
2-1: Ball
3-1: Base on Balls
David Holbrook to second
Batting: RHB Ricardo Téllez 0-0: Foul Ball, location: 2F
0-1: Called Strike
0-2: Ball
1-2: Ball
2-2: Foul Ball, location: 2F
2-2: Strikes out swinging
Batting: RHB Mike Wazowski 0-0: Swinging Strike
0-1: Ball
1-1: Ball
2-1: Ball
3-1: Base on Balls
David Holbrook to third
Yehonatan Chazan to second
Batting: RHB Joseph Papasogli 0-0: Ball
1-0: Fly out, F8 (Flyball, 8RD)
Bottom of the 8th over - 0 runs, 1 hit, 0 errors, 3 left on base; Montana 6 - Oakland 2
TOP OF THE 9TH
Montana Pandas batting - Pitching for Oakland Oaks : RHP Rich Wright
Batting: LHB Roberto Fierro 0-0: Ball
1-0: Ball
2-0: Called Strike
2-1: Ball
3-1: Base on Balls
Batting: RHB Phil Sherman 0-0: Ball
1-0: Fly out, F9 (Flyball, 9LMF)
Batting: LHB José León 0-0: Foul Ball, location: 2F
0-1: Ball
1-1: Swinging Strike
1-2: Strikes out looking
Roberto Fierro steals 2nd base
Batter strikes out.
Batting: LHB José Ruíz 0-0: Ball
1-0: Called Strike
1-1: Ground out 6-3 (Groundball, 6)
Top of the 9th over - 0 runs, 0 hits, 0 errors, 1 left on base; Montana 6 - Oakland 2
BOTTOM OF THE 9TH
Oakland Oaks batting - Pitching for Montana Pandas : RHP Noburo Oishi
Batting: LHB Todd Henry 0-0: Ball
1-0: Ball
2-0: Called Strike
2-1: Ball
3-1: Called Strike
3-2: Fly out, F8 (Flyball, 8RS)
Batting: RHB Alfonso Nazario 0-0: Called Strike
0-1: Foul Ball, location: 2F
0-2: Strikes out swinging
Batting: RHB Joe Phillips 0-0: Ball
1-0: Ball
2-0: Swinging Strike
2-1: Foul Ball, location: 2F
2-2: Strikes out swinging
Bottom of the 9th over - 0 runs, 0 hits, 0 errors, 0 left on base; Montana 6 - Oakland 2
Tuesday, December 19th, 2017 - OOTP Baseball 18.8 Build 76